 Dungeon Crawl Stone Soup version 0.18.1-47-g9310371 (console) character file.

15869 Kloppie the Carver (level 12, -6/123 HPs)
             Began as a Minotaur Gladiator on June 17, 2016.
             Was a High Priest of Okawaru.
             Mangled by Rupert
             ... wielding a +3 great sword of holy wrath
              (13 damage)
             ... on level 4 of the Lair of Beasts.
             The game lasted 00:22:20 (13903 turns).

Kloppie the Carver (Minotaur Gladiator)            Turns: 13903, Time: 00:22:21

Health: -6/123     AC: 11    Str: 23    XL:     12   Next: 5%
Magic:  14/14      EV:  2    Int:  5    God:    Okawaru [*****.]
Gold:   935        SH:  0    Dex: 20    Spells: 0 memorised, 11 levels left

rFire  . . .     SeeInvis +     b - +2 scimitar (flame)
rCold  + . .     Gourm    .     Q - +1 scale mail {rC+}
rNeg   + + +     Faith    .     (no shield)
rPois  ∞         Spirit   .     (helmet unavailable)
rElec  .         Dismiss  .     g - +1 cloak
rCorr  +         Reflect  .     (no gloves)
SustAt .         Harm     .     (no boots)
MR     .....     Clarity  +     (no amulet)
Stlth  ++........               r - ring of resist corrosion
                                p - ring of see invisible

@: agile, petrified, not resistant to hostile enchantments, unstealthy
A: retaliatory headbutt, horns 3, clarity, robust 1, shaggy fur 1, strong 1
a: Heroism, Finesse, Renounce Religion


You were on level 4 of the Lair of Beasts.
You worshipped Okawaru.
Okawaru was extremely pleased with you.
You were not hungry.

You visited 3 branches of the dungeon, and saw 15 of its levels.

You collected 1000 gold pieces.
You spent 65 gold pieces at shops.

Inventory:

Hand Weapons
 a - a +0 long sword
 b - a +2 scimitar of flaming (weapon)
 x - a +2 falchion of slicing
Missiles
 d - 2 throwing nets (quivered)
Armour
 g - a +1 cloak (worn)
 Q - a +1 scale mail of cold resistance (worn)
Jewellery
 h - an uncursed ring of protection from cold
 l - an uncursed ring of sustain attributes
 p - a ring of see invisible (left hand)
 r - a ring of resist corrosion (right hand)
Wands
 q - a wand of acid (10/15)
 t - a wand of digging (7/24)
 B - a wand of teleportation (6/9)
 E - a wand of polymorph (12/24)
 K - a wand of digging (17/24)
 N - a wand of iceblast (8/15)
Scrolls
 v - a scroll of recharging
 A - 4 scrolls of remove curse
 D - a scroll of blinking
 F - 2 scrolls of teleportation
 P - a scroll of amnesia
Potions
 i - 2 potions of flight
 j - a potion of brilliance
 k - 2 potions of magic {unknown}
 m - a potion of degeneration {unknown}
 s - 3 potions of curing
 w - a potion of cure mutation {unknown}
 z - 2 potions of cancellation
 M - a potion of haste
Books
 y - a book of Alchemy

   Spells                             Type                      Level
   a - Sublimation of Blood           Necromancy                   2
   b - Ignite Poison                  Fire/Transmutation/Poison    3
   c - Petrify                        Transmutation/Earth          4
   d - Alistair's Intoxication        Transmutation/Poison         5
   e - Irradiate                      Conjuration/Transmutation    5
 C - a book of Cantrips

   Spells                             Type                      Level
   a - Corona                         Hexes                        1
   b - Animate Skeleton               Necromancy                   1
   c - Summon Small Mammal            Summoning                    1
   d - Apportation                    Translocation                1
 J - an Akashic Record

   Spells                             Type                      Level
   a - Dispersal                      Translocation                6
   b - Malign Gateway                 Summoning/Translocation      7
   c - Disjunction                    Translocation                8
   d - Controlled Blink               Translocation                8
 O - a book of Misfortune

   Spells                             Type                      Level
   a - Confusing Touch                Hexes                        2
   b - Confuse                        Hexes                        3
   c - Gell's Gravitas                Hexes/Translocation          3
   d - Petrify                        Transmutation/Earth          4
   e - Metabolic Englaciation         Hexes/Ice                    5
   f - Yara's Violent Unravelling     Hexes/Transmutation          5
Comestibles
 f - 10 bread rations
 n - 2 royal jellies
 o - 3 meat rations
 u - 3 slices of pizza
 H - 9 fruits
 L - 6 beef jerkies
 R - 5 chunks of flesh


   Skills:
 + Level 12.2 Fighting
 - Level 14.5 Long Blades
 - Level 2.0 Throwing
 + Level 6.1 Armour
 - Level 10.2 Dodging
 + Level 5.0 Invocations


You had 11 spell levels left.
You didn't know any spells.

Dungeon Overview and Level Annotations

Branches:
Dungeon (10/15)            Temple (1/1) D:6            Lair (4/8) D:8
    Orc (0/2) D:9
  Swamp: Lair:3-6    Shoals: Lair:3-6     Snake: Lair:3-6    Spider: Lair:3-6

Altars:
Ashenzari
Cheibriados
Dithmenos
Elyvilon
Fedhas
Gozag
Kikubaaqudgha
Makhleb
Nemelex Xobeh
Okawaru
Pakellas
Qazlal
Ru
Sif Muna
Trog
Vehumet
Xom
Yredelemnul
Zin
The Shining One

Shops:
D:6 *

Annotations:
Lair:4 Rupert


Innate Abilities, Weirdness & Mutations

You reflexively headbutt those who attack you in melee.
You have a pair of large horns on your head.
You possess an exceptional clarity of mind.
You are robust (+10% HP).
You are covered in fur (AC +1).
Your muscles are strong. (Str +2)


Message History

* * * LOW HITPOINT WARNING * * *
You are engulfed in calcifying dust.
The catoblepas gores you but does no damage.
You are engulfed in calcifying dust.
Rupert hits you with a great sword of holy wrath.
* * * LOW HITPOINT WARNING * * *
The catoblepas breathes a plume of calcifying dust at you.
The blast of calcifying dust hits you!
You are engulfed in calcifying dust.
Rupert roars madly and goes into a rage!
Rupert goes berserk!
The catoblepas gores you!!
* * * LOW HITPOINT WARNING * * *
You are engulfed in calcifying dust.
Rupert hits you with a great sword of holy wrath!!
* * * LOW HITPOINT WARNING * * *
The catoblepas gores you!!
* * * LOW HITPOINT WARNING * * *
You are engulfed in calcifying dust.
Rupert hits you with a great sword of holy wrath!!
You die...

.........# ##......#
#.P#.P#..#
##.......## ####.##
## #.#.......# #P.#
#........# ##.#
##.......# ####.#
#........# #..#.#
##...<..## #....##
##Y#@### ##+.#.#
#.@.# ......# #...#
......## .$....#
.......# .>......#
.......###.........#
...D....###........#
......####.........#
......+...+........#
.......#


You could see Rupert (berserk) and a catoblepas.

Vanquished Creatures
  A hydra (Lair:1)
  A centaur warrior (D:10)
  Erica (D:10)
  The ghost of Kloppie the Carver, a novice VSGl of Okawaru (D:9)
  A griffon (Lair:3)
  3 elephants (Lair:2)
  A spiny frog (Lair:1)
  The ghost of Gargoyl the Covered, a novice DsAK of Lugonu (D:6)
  A rime drake (Lair:1)
  Grinder (D:3)
  5 blink frogs (Lair:2)
  A vampire (D:9)
  A spriggan (D:8)
  A wyvern (D:8)
  A basilisk (Lair:1)
  The ghost of Apert the Covered, an amateur HOFi of Dithmenos (D:4)
  10 yaks
  Eustachio (D:5)
  5 hippogriffs
  8 porcupines
  5 water moccasins
  3 sky beasts
  4 orc warriors
  2 wasps (D:10)
  3 phantoms
  2 black bears
  4 ogres
  4 wolves (Lair:2)
  3 centaurs
  7 crocodiles
  8 giant frogs
  3 scorpions
  5 killer bees (D:9)
  5 howler monkeys
  5 wights (D:9)
  A crimson imp (D:4)
  A quasit (D:7)
  2 jellies
  9 orc priests
  A wasp zombie (D:9)
  4 hounds
  8 orc wizards
  A giant frog skeleton (D:5)
  A gnoll shaman (D:9)
  Crazy Yiuf (D:3)
  6 iguanas
  10 worker ants
  A hound skeleton (D:9)
  A howler monkey skeleton (D:4)
  A worker ant zombie (D:5)
  4 gnolls (D:9)
  16 adders
  5 river rats (Lair:2)
  An adder zombie (D:7)
  2 oozes
  2 adder skeletons (D:6)
  5 worms
  A dart slug (D:2)
  5 giant geckos
  48 orcs
  A ball python (D:2)
  2 giant cockroaches
  16 goblins
  8 hobgoblins
  11 jackals
  4 quokkas
  5 bats
  A giant newt (D:5)
  9 kobolds
  2 quokka skeletons
  12 rats
  A butterfly (D:6)
318 creatures vanquished.

Vanquished Creatures (collateral kills)
  A plant (Lair:3)
1 creature vanquished.

Grand Total: 319 creatures vanquished

Notes
Turn   | Place    | Note
--------------------------------------------------------------
     0 | D:1      | Kloppie the Minotaur Gladiator began the quest for the Orb.
     0 | D:1      | Reached XP level 1. HP: 18/18 MP: 0/0
    84 | D:1      | Reached XP level 2. HP: 25/25 MP: 1/1
   104 | D:1      | Reached skill level 4 in Long Blades
   349 | D:1      | Reached XP level 3. HP: 31/31 MP: 2/2
   801 | D:2      | Reached XP level 4. HP: 21/38 MP: 3/3
  1184 | D:2      | Reached skill level 5 in Long Blades
  1296 | D:3      | Noticed Grinder
  1306 | D:3      | Killed Grinder
  1306 | D:3      | Reached skill level 6 in Long Blades
  1306 | D:3      | Reached XP level 5. HP: 42/46 MP: 4/4
  1306 | D:3      | Reached XP level 6. HP: 47/52 MP: 5/5
  1462 | D:3      | Found a glowing silver altar of Zin.
  1516 | D:3      | Noticed Crazy Yiuf
  1526 | D:3      | Killed Crazy Yiuf
  1884 | D:4      | Reached skill level 5 in Dodging
  2090 | D:4      | Reached skill level 7 in Long Blades
  2447 | D:4      | Reached skill level 5 in Fighting
  2447 | D:4      | Reached XP level 7. HP: 49/61 MP: 6/6
  2550 | D:4      | Found an oddly glowing altar of Pakellas.
  2587 | D:4      | Noticed Apert's ghost (amateur HOFi)
  2610 | D:4      | Killed Apert's ghost
  2891 | D:4      | Reached skill level 8 in Long Blades
  3197 | D:4      | Found a shadowy altar of Dithmenos.
  3438 | D:5      | Entered Level 5 of the Dungeon
  3478 | D:5      | Reached XP level 8. HP: 53/70 MP: 7/7
  3571 | D:5      | Noticed Eustachio
  3616 | D:5      | Killed Eustachio
  3794 | D:5      | Reached skill level 9 in Long Blades
  4037 | D:5      | Found a sacrificial altar of Ru.
  4858 | D:6      | Reached skill level 10 in Long Blades
  5037 | D:6      | Found a staircase to the Ecumenical Temple.
  5066 | Temple   | Entered the Ecumenical Temple
  5370 | D:6      | Noticed Gargoyl's ghost (novice DsAK)
  5372 | D:6      | Reached XP level 9. HP: 75/79 MP: 8/8
  5425 | D:6      | Killed Gargoyl's ghost
  5658 | D:6      | Found Toenar's General Store.
  5662 | D:6      | Bought a potion of curing for 39 gold pieces
  5662 | D:6      | Bought a scroll of identify for 26 gold pieces
  6170 | D:7      | Reached skill level 11 in Long Blades
  6562 | D:8      | Found a basalt altar of Yredelemnul.
  6565 | D:8      | Found an iron altar of Okawaru.
  6569 | D:8      | Became a worshipper of Warmaster Okawaru
  6573 | D:8      | Found an opulent altar of Gozag.
  6670 | D:8      | Found a burning altar of Makhleb.
  6670 | D:8      | Noticed a blizzard demon
  6936 | D:8      | Found a deep blue altar of Sif Muna.
  6966 | D:8      | Found a staircase to the Lair.
  7012 | D:8      | Found a glowing golden altar of the Shining One.
  7243 | D:8      | Reached skill level 12 in Long Blades
  7336 | Lair:1   | Entered Level 1 of the Lair of Beasts
  7387 | Lair:1   | Reached * piety under Okawaru
  7432 | Lair:1   | Noticed a spiny frog
  7446 | Lair:1   | Killed a spiny frog
  7446 | Lair:1   | Reached XP level 10. HP: 59/91 MP: 9/9
  7617 | Lair:1   | Got a heavily jewelled robe
  7701 | Lair:1   | Identified the cursed +0 robe of Xehena {MP+9 Str+3 Slay+3} (You found it on level 1 of the Lair of Beasts)
  7852 | Lair:1   | Reached ** piety under Okawaru
  8618 | Lair:2   | Reached skill level 13 in Long Blades
  8843 | Lair:2   | Noticed an elephant
  8843 | Lair:2   | Noticed an elephant
  8843 | Lair:2   | Noticed an elephant
  8867 | Lair:2   | Killed an elephant
  8885 | Lair:2   | Killed an elephant
  8893 | Lair:2   | Killed an elephant
  8893 | Lair:2   | Reached *** piety under Okawaru
  8893 | Lair:2   | Reached skill level 10 in Fighting
  9339 | Lair:2   | Reached skill level 14 in Long Blades
  9342 | Lair:2   | Reached **** piety under Okawaru
  9352 | Lair:2   | Reached skill level 10 in Dodging
  9352 | Lair:2   | Reached XP level 11. HP: 31/101 MP: 10/10
 10507 | Lair:3   | Noticed a griffon
 10524 | Lair:3   | Killed a griffon
 10711 | Lair:3   | Gained mutation: You have a pair of large horns on your head. [potion of mutation]
 10711 | Lair:3   | Gained mutation: Scrolls take you a little longer to read. [potion of mutation]
 10903 | Lair:3   | Reached skill level 1 in Armour
 10903 | Lair:3   | Reached skill level 1 in Invocations
 11227 | Lair:4   | Noticed a seven-headed hydra
 11313 | Lair:1   | Noticed a five-headed hydra
 11314 | Lair:1   | Reached ***** piety under Okawaru
 11630 | D:9      | Lost mutation: Scrolls take you a little longer to read. [mutagenic meat]
 11631 | D:9      | Gained mutation: You are robust (+10% HP). [mutagenic meat]
 11632 | D:9      | Gained mutation: Your muscles are strong. (Str +2) [mutagenic meat]
 11633 | D:9      | Gained mutation: You possess an exceptional clarity of mind. [mutagenic meat]
 11635 | D:9      | Gained mutation: You are covered in fur (AC +1). [mutagenic meat]
 11638 | D:9      | Noticed Kloppie's ghost (novice VSGl)
 11657 | D:9      | Killed Kloppie's ghost
 11810 | D:9      | Found a staircase to the Orcish Mines.
 11872 | D:9      | Found a snail-covered altar of Cheibriados.
 12303 | D:9      | Found a blossoming altar of Fedhas.
 12303 | D:9      | Found an ancient bone altar of Kikubaaqudgha.
 12617 | D:10     | Entered Level 10 of the Dungeon
 12741 | D:10     | Noticed a centaur warrior
 12750 | D:10     | Killed a centaur warrior
 12840 | D:10     | Reached skill level 5 in Armour
 13198 | D:10     | Noticed Erica
 13209 | D:10     | Killed Erica
 13209 | D:10     | Received a gift from Okawaru
 13816 | Lair:1   | Killed a two-headed hydra
 13816 | Lair:1   | Reached XP level 12. HP: 77/123 MP: 14/14
 13819 | Lair:1   | Reached skill level 5 in Invocations
 13877 | Lair:4   | Noticed Rupert
 13877 | Lair:4   | Noticed a catoblepas
 13882 | Lair:4   | Paralysed by Rupert for 7 turns
 13903 | Lair:4   | Mangled by Rupert

Skill      XL: |  1  2  3  4  5  6  7  8  9 10 11 12 |
---------------+-------------------------------------+-----
Long Blades    | 4 6 7 8 10 12 14 | 14.5
Fighting       | 3 4 5 6 7 9 10 12 | 12.2
Dodging        | 4 5 6 7 8 10 | 10.2
Armour         | 6 |  6.1
Invocations    | 4 5 |  5.0
Throwing       | |  2.0

Action                   |  1- 3 |  4- 6 |  7- 9 | 10-12 || total
-------------------------+-------+-------+-------+-------++-------
Melee: Long sword        |    84 |   118 |    94 |       ||   296
       Headbutt          |    11 |    23 |    59 |    98 ||   191
       Falchion          |       |       |   290 |   414 ||   704
       Scimitar          |       |       |       |    38 ||    38
Throw: Throwing net      |       |     2 |     1 |       ||     3
Invok: Heroism           |       |       |       |     1 ||     1
Evoke: Wand              |       |       |       |     1 ||     1
  Use: Scroll            |       |     5 |    10 |     9 ||    24
       Potion            |       |     1 |     2 |     7 ||    10
 Stab: Held in net/web   |       |     1 |       |       ||     1
       Paralysed         |       |       |     2 |       ||     2
       Invisible         |       |       |    10 |       ||    10
       Sleeping          |       |       |       |     2 ||     2
  Eat: Chunk             |       |     5 |    16 |    22 ||    43
       Meat ration       |       |       |       |     1 ||     1
Armor: Leather armour    |    14 |     9 |    61 |    68 ||   152
       Scale mail        |       |    25 |       |    18 ||    43
       Ring mail         |       |       |    89 |       ||    89
Dodge: Dodged            |    52 |    71 |   343 |   296 ||   762
